 Dungeon Crawl Stone Soup version 0.31.0-1-g2c135a008e (webtiles) character file.

Game seed: 3714843933524210533

3745 qw the Skirmisher (level 10, 0/75 HPs)
             Began as a Djinni Hunter on Jan 23, 2024.
             Was a Follower of Okawaru.
             Slain by a wight
             ... wielding a +0 falchion
              (9 damage)
             ... on level 8 of the Dungeon.
             The game lasted 00:00:34 (6117 turns).

qw the Skirmisher (Djinni Hunter)                   Turns: 6117, Time: 00:00:34

Health: 0/75       AC: 13    Str: 12 (13) XL:     10   Next: 37%
Gold:   309        EV: 17    Int: 10 (11) God:    Okawaru [*.....] SH:  0 Dex: 21

rFire   + + .        a - +0 shortbow (drain)
rCold   . . .        (shield currently unavailable)
rNeg    . . .        c - +2 robe
rPois   inf          (no helmet)
rElec   .            m - +1 cloak
rCorr   .            h - +2 pair of gloves {Str+3}
SInv    .            (boots unavailable)
Will    +....        (no amulet)
Stlth   ++           i - +4 ring of protection
HPRegen 0.32/turn    q - ring of protection from cold
MPRegen 0.00/turn

%: infuse magic (-1 HP)
@: flying
A: sickness immunity, fire resistance 2, cold vulnerability 1, float, innate
caster, HP casting, extra vitality 1
a: Renounce Religion, Heroism


You were on level 8 of the Dungeon.
You worshipped Okawaru.
Okawaru was aware of your devotion.
You visited 2 branches of the dungeon, and saw 9 of its levels.

You collected 309 gold pieces.


Innate Abilities, Weirdness & Mutations

You are immune to sickness and miasma.
You are immune to poison.
Your flesh is very heat resistant. (rF++)
You are vulnerable to cold. (rC-)
You float through the air rather than walking.
You learn spells naturally, not from books.
Your magical power is your life essence.
You have superior vitality. (+4 MHP)


   Skills:
 - Level 7.0 Fighting
 - Level 9.1 Ranged Weapons
 - Level 3.6 Armour
 + Level 7.3 Dodging
 - Level 0.7 Stealth
 + Level 1.0 Invocations


You knew the following spells:

 Your Spells              Type           Power      Damage    Failure   Level
a - Foxfire               Conj/Fire      0%         2x1d4     36%         1
b - Static Discharge      Conj/Air       0%         3-3/arc   50%         2
c - Ensorcelled Hibernat  Hex/Ice        0%         N/A       50%         2
d - Mephitic Cloud        Conj/Alch/Air  0%         N/A       75%         3
Your spell library was empty.

Inventory:

Hand Weapons
 a - a +0 shortbow of draining (weapon)
Armour
 c - a +2 robe (worn)
 h - a +2 pair of gloves of strength (worn)
 m - a +1 cloak (worn)
Jewellery
 i - a +4 ring of protection (left hand)
 q - a ring of protection from cold (right hand)
 Y - a +6 ring of strength
Wands
 o - a wand of paralysis (2)
Scrolls
 d - a scroll of identify
Potions
 f - a potion of enlightenment
 g - a potion of curing
 j - a potion of resistance {unknown}
 k - 2 potions of might
 l - a potion of mutation {unknown}

Dungeon Overview and Level Annotations

Branches:
Dungeon (8/15)             Temple (1/1) D:7
   Lair: D:8-11

Altars:
Ashenzari
Cheibriados
Dithmenos
Elyvilon
Fedhas
Gozag
Hepliaklqana
Makhleb
Nemelex Xobeh
Okawaru
Qazlal
Ru
Trog
Uskayaw
Wu Jian
Xom
Yredelemnul
Zin
The Shining One

Annotations:
D:3 3 runed translucent doors, qw's ghost, amateur GrHu


Message History

The wight misses you. The wight hits you with a +0 war axe.
You shoot an arrow. The arrow completely misses the wight.
The wight misses you. x2
You shoot an arrow. The arrow closely misses the wight.
You shoot an arrow. The arrow barely misses the wight.
The wight hits you but does no damage. The wight hits you with a +0 war axe.
You shoot an arrow. The arrow hits the wight.
The wight is almost destroyed.
The wight barely misses you. The wight hits you but does no damage.
You shoot an arrow.
The arrow hits the wight but does no damage.
The wight is almost destroyed.
The wight hits you but does no damage. The wight hits you with a +0 war axe.
You shoot an arrow. The arrow hits the wight.
You destroy the wight!
Okawaru accepts your kill. The wight misses you.
Your Invocations skill increases to level 1!
You shoot an arrow. The arrow barely misses the wight.
The wight hits you but does no damage.
You shoot an arrow. The arrow hits the wight.
The wight is lightly damaged.
The wight barely misses you.
You shoot an arrow. The arrow barely misses the wight.
The wight hits you but does no damage.
You shoot an arrow. The arrow closely misses the wight.
The wight barely misses you.
You shoot an arrow.
The arrow hits the wight but does no damage.
The wight is lightly damaged.
The wight closely misses you.
You shoot an arrow.
The arrow hits the wight but does no damage.
The wight is lightly damaged.
The wight barely misses you.
You shoot an arrow.
The arrow hits the wight but does no damage.
The wight is lightly damaged.
The wight hits you with a +0 falchion!
You die...

###...####..
#............
#.....!.....
#........[..
######.#...# #..
###........#...#.#
......zz###)...#.#
.....######......#
.....).))......z@#
....#######....).#
....# #......#
....### #......#
......( ........#
....... .........
....... #........
#####.. .........
## .


You could see a wight.

Vanquished Creatures
  Jeremiah (D:6)
  Prince Ribbit (D:6)
  6 yaks (D:6)
  A steam dragon (D:7)
  3 water moccasins
  An orc warrior (D:6)
  A black bear (D:5)
  2 sky beasts (D:6)
  An ogre (D:7)
  A centaur (D:6)
  2 phantoms
  A kobold brigand (D:7)
  2 scorpions
  7 wights (D:8)
  A howler monkey (D:7)
  2 hounds
  3 orc priests
  4 sleepcaps
  2 orc wizards
  5 iguanas
  Natasha (thrice) (D:2)
  9 adders
  3 shadow imps
  2 ufetubi (D:6)
  2 ribbon worms
  3 dart slugs
  24 orcs
  5 bats
  3 endoplasms
  5 goblins
  4 hobgoblins
  13 jackals
  2 quokkas
  8 ball pythons
  2 frilled lizards (D:2)
  10 kobolds
  4 rats
149 creatures vanquished.

Vanquished Creatures (others)
  A kobold (D:7)
1 creature vanquished.

Grand Total: 150 creatures vanquished

Notes
Turn   | Place    | Note
-------+----------+-------------------------------------------
     0 | D:1      | qw the Djinni Hunter began the quest for the Orb.
     0 | D:1      | Reached XP level 1. HP: 18/18 MP: 0/0
     0 | D:1      | 0 ||| qw: Version: 0.3-a-135-gb77e89d
     0 | D:1      | 0 ||| qw: Game counter: 802
     0 | D:1      | 0 ||| qw: Melee chars always use a shield: true
     0 | D:1      | 0 ||| qw: God list: Okawaru
     0 | D:1      | 0 ||| qw: Allow faded altars: false
     0 | D:1      | 0 ||| qw: Do Orc after clearing Dungeon:15 true
     0 | D:1      | 0 ||| qw: Do second Lair branch before Depths: true
     0 | D:1      | 0 ||| qw: Lair rune preference: random
     0 | D:1      | 0 ||| qw: Goals: Normal
     0 | D:1      | 0 ||| PLANNING D:1-11
    43 | D:1      | 43 ||| DROPPING scroll of butterflies.
    60 | D:1      | Reached XP level 2. HP: 22/23 MP: 0/0
   263 | D:1      | Reached XP level 3. HP: 28/28 MP: 0/0
   263 | D:1      | Learned a level 1 spell: Foxfire
   265 | D:1      | Reached skill level 4 in Ranged Weapons
   307 | D:1      | 307 ||| UPGRADING to +0 pair of gloves.
   524 | D:1      | 524 ||| UPGRADING to +6 ring of strength.
   525 | D:1      | 525 ||| READING scroll labelled XEMIUKLILL.
   651 | D:2      | Reached XP level 4. HP: 34/34 MP: 0/0
   698 | D:2      | Noticed Natasha
   701 | D:2      | Killed Natasha
   702 | D:2      | Reached skill level 3 in Fighting
   814 | D:2      | Noticed Natasha
   822 | D:2      | Killed Natasha
   823 | D:2      | Reached skill level 3 in Dodging
   823 | D:2      | Reached XP level 5. HP: 37/40 MP: 0/0
   823 | D:2      | Learned a level 2 spell: Static Discharge
   854 | D:2      | Found a shadowy altar of Dithmenos.
   896 | D:2      | Noticed Natasha
   901 | D:2      | 901 ||| RETREEEEATING.
   909 | D:2      | 909 ||| RETREEEEATING.
   914 | D:2      | Killed Natasha
  1245 | D:2      | 1245 ||| UPGRADING to +0 ring mail.
  1255 | D:2      | 1255 ||| DROPPING +0 leather armour.
  1256 | D:2      | 1256 ||| READING scroll labelled GOEBLORR QOSU.
  1256 | D:2      | 1256 ||| ENCHANTING +0 pair of gloves.
  1257 | D:2      | 1257 ||| READING scroll labelled BUTHIAWUIM.
  1358 | D:2      | 1358 ||| READING scroll labelled KASIDI GIRINORPH.
  1359 | D:2      | 1359 ||| READING scroll labelled VAJUSOTEHA.
  1364 | D:2      | 1364 ||| DRINKING 2 red potions.
  1424 | D:3      | Reached skill level 1 in Armour
  1497 | D:3      | Reached XP level 6. HP: 46/46 MP: 0/0
  1523 | D:3      | 1523 ||| FLEEEEING.
  1529 | D:3      | 1529 ||| DRINKING potion of curing.
  1529 | D:3      | 1529 ||| (to cure confusion)
  1817 | D:3      | Found a runed translucent gate.
  1817 | D:3      | Found a runed translucent gate.
  1818 | D:3      | Found a runed translucent gate.
  1819 | D:3      | Noticed qw's ghost (amateur GrHu)
  2102 | D:3      | 2102 ||| READING scroll labelled DOGUTOETTU.
  2102 | D:3      | 2102 ||| IDENTIFYING glowing pink potion
  2103 | D:3      | 2103 ||| DROPPING potion of lignification.
  2187 | D:4      | Reached skill level 5 in Ranged Weapons
  2584 | D:4      | 2584 ||| READING scroll labelled DERGHU TONETUIP.
  2584 | D:4      | 2584 ||| BRANDING +0 shortbow.
  2616 | D:5      | Entered Level 5 of the Dungeon
  2683 | D:5      | Reached XP level 7. HP: 43/52 MP: 0/0
  2683 | D:5      | Learned a level 2 spell: Ensorcelled Hibernation
  3387 | D:5      | Reached skill level 6 in Ranged Weapons
  3490 | D:5      | 3490 ||| UPGRADING to +0 cloak.
  3495 | D:5      | 3495 ||| UPGRADING to ring of protection from cold.
  3496 | D:5      | 3496 ||| READING 2 scrolls of identify.
  3496 | D:5      | 3496 ||| IDENTIFYING ruby potion
  3497 | D:5      | 3497 ||| READING scroll of identify.
  3497 | D:5      | 3497 ||| IDENTIFYING metallic green potion
  3498 | D:5      | 3498 ||| DRINKING 2 brown potions.
  3499 | D:5      | 3499 ||| DRINKING 2 puce potions.
  3500 | D:5      | 3500 ||| DRINKING 2 bubbling clear potions.
  3501 | D:5      | 3501 ||| DROPPING potion of invisibility.
  3502 | D:5      | 3502 ||| DROPPING potion of brilliance.
  3503 | D:5      | 3503 ||| DROPPING potion of magic.
  3656 | D:6      | Noticed Prince Ribbit
  3657 | D:6      | 3657 ||| ZAPPING wand of paralysis (7) at 2,4 (Prince
                  | Ribbit; floor).
  3658 | D:6      | 3658 ||| ZAPPING wand of paralysis (6) at 2,3 (Prince
                  | Ribbit; floor).
  3659 | D:6      | 3659 ||| ZAPPING wand of paralysis (5) at 0,1 (Prince
                  | Ribbit; open_door).
  3660 | D:6      | 3660 ||| ZAPPING wand of paralysis (4) at 0,1 (Prince
                  | Ribbit; open_door).
  3667 | D:6      | Killed Prince Ribbit
  3668 | D:6      | Reached skill level 3 in Armour
  3668 | D:6      | Reached XP level 8. HP: 57/58 MP: 0/0
  3769 | D:6      | Noticed Jeremiah
  3780 | D:6      | 3780 ||| READING scroll of identify.
  3780 | D:6      | 3780 ||| IDENTIFYING yellow potion
  3791 | D:6      | 3791 ||| READING scroll labelled FITREO WILOMNOE.
  3798 | D:6      | 3798 ||| ZAPPING wand of paralysis (3) at -2,-3 (Jeremiah;
                  | floor).
  3799 | D:6      | 3799 ||| DROPPING potion of attraction.
  3812 | D:6      | Killed Jeremiah
  3848 | D:6      | Found a bloodstained altar of Trog.
  3849 | D:6      | Found an opulent altar of Gozag.
  3951 | D:6      | Reached skill level 7 in Ranged Weapons
  3951 | D:6      | Reached XP level 9. HP: 24/62 MP: 0/0
  3951 | D:6      | Learned a level 3 spell: Mephitic Cloud
  4396 | D:6      | 4396 ||| RETREEEEATING.
  4405 | D:6      | 4405 ||| RETREEEEATING.
  4406 | D:6      | 4406 ||| RETREEEEATING.
  4410 | D:6      | 4410 ||| RETREEEEATING.
  4413 | D:6      | Reached skill level 8 in Ranged Weapons
  4439 | D:6      | Reached skill level 6 in Fighting
  4440 | D:6      | HP: 12/66 [yak (7)]
  4441 | D:6      | 4441 ||| READING 2 scrolls of teleportation.
  4442 | D:6      | HP: 4/66 [yak (7)]
  4445 | D:6      | Reached skill level 6 in Dodging
  4749 | D:6      | Reached XP level 10. HP: 72/72 MP: 0/0
  4973 | D:6      | 4973 ||| UPGRADING to +2 robe.
  4983 | D:6      | 4983 ||| UPGRADING to +2 pair of gloves of strength.
  4993 | D:6      | 4993 ||| DROPPING +1 pair of gloves.
  4994 | D:6      | 4994 ||| DROPPING +0 ring mail.
  5096 | D:7      | Identified the +11 morningstar "Loag" {freeze, +Blink
                  | rElec}
  5177 | D:7      | Found a staircase to the Ecumenical Temple.
  5178 | D:7      | 5178 ||| PLANNING TEMPLE
  5184 | D:7      | Reached skill level 9 in Ranged Weapons
  5191 | Temple   | Entered the Ecumenical Temple
  5192 | Temple   | 5192 ||| PLANNING OKAWARU WORSHIP
  5197 | Temple   | Became a worshipper of Warmaster Okawaru
  5198 | Temple   | 5198 ||| PLANNING D:1-11
  5381 | D:7      | 5381 ||| READING scroll of enchant armour.
  5381 | D:7      | 5381 ||| ENCHANTING +0 cloak.
  5618 | D:7      | Found a hide-covered altar of Uskayaw.
  5756 | D:7      | 5756 ||| UPGRADING to +4 ring of protection.
  5758 | D:7      | 5758 ||| DRINKING 2 fuming silvery potions.
  5759 | D:7      | 5759 ||| DROPPING potion of degeneration.
  6041 | D:8      | 6041 ||| RETREEEEATING.
  6047 | D:8      | 6047 ||| RETREEEEATING.
  6051 | D:8      | 6051 ||| RETREEEEATING.
  6052 | D:8      | 6052 ||| RETREEEEATING.
  6053 | D:8      | 6053 ||| RETREEEEATING.
  6054 | D:8      | 6054 ||| RETREEEEATING.
  6055 | D:8      | 6055 ||| RETREEEEATING.
  6056 | D:8      | 6056 ||| RETREEEEATING.
  6060 | D:8      | 6060 ||| RETREEEEATING.
  6076 | D:8      | Reached * piety under Okawaru
  6088 | D:8      | HP: 18/75 [wight/+5 halberd (8)]
  6089 | D:8      | 6089 ||| READING scroll of teleportation.
  6098 | D:8      | HP: 16/75 [wight/+0 war axe (5)]
  6103 | D:8      | HP: 13/75 [wight/+0 falchion (5)]
  6109 | D:8      | HP: 7/75 [wight/+0 war axe (6)]
  6111 | D:8      | Reached skill level 1 in Invocations
  6117 | D:8      | Slain by a wight

Levels and vault maps discovered:
D:1:      ebering_trefoil_twist, layout_basic, serial_glass, glass_columns_a,
          glass_columns_a, glass_columns_c, glass_columns_a, glass_columns_a,
          glass_columns_b, glass_columns_a, glass_columns_c, glass_columns_b,
          glass_columns_c, nrook_campfire
D:2:      layout_loops_ring, basic_altar, uniq_natasha
D:3:      layout_loops_cross, gammafunk_ghost_necromancy,
          minmay_misc_feat_tower, nrook_mini_vaults
D:4:      layout_rooms
D:5:      layout_basic, hangedman_decor_peaks_small
D:6:      layout_loops_corners, nicolae_overflow_two_pavilions, uniq_jeremiah,
          uniq_prince_ribbit1
D:7:      layout_basic, nicolae_overflow_squiral, temple_pool_b,
          kennysheep_generic_room_3
D:8:      layout_rooms
Temple:   nicolae_temple_no_exploring_needed

Skill      XL: |  1  2  3  4  5  6  7  8  9 10 |
---------------+-------------------------------+-----
Ranged Weapons | 4 5 6 7 8 9 |  9.1
Fighting       | 3 4 6 7 |  7.0
Dodging        | 3 5 6 7 |  7.3
Armour         | 1 3 |  3.6
Invocations    | 1 |  1.0
Stealth        | |  0.7

Action                     |  1- 3 |  4- 6 |  7- 9 | 10-12 || total
---------------------------+-------+-------+-------+-------++-------
   Fire: Shortbow          |   100 |   193 |   253 |   147 ||   693
  Evoke: Wand              |       |       |     5 |       ||     5
    Use: Scroll            |     1 |     6 |     5 |     2 ||    14
         Potion            |       |     2 |     3 |     1 ||     6
 Armour: Leather armour    |    31 |    26 |       |       ||    57
         Ring mail         |       |    58 |   114 |       ||   172
         Robe              |       |       |       |    39 ||    39
  Dodge: Dodged            |    41 |    80 |   141 |    68 ||   330

Table legend:
 A = Non-vault XP
 B = Vault XP
 C = Vault XP percentage of total XP
 D = Non-vault monster count
 E = Vault monster count
 F = Vault count percentage of total count
                 A         B        C        D         E       F
            +---------+---------+-------+---------+---------+-------
      Total |    4627 |     723 |  13.5 |     145 |       4 |   2.7
            +---------+---------+-------+---------+---------+-------
        D:1 |      45 |       0 |   0.0 |      26 |       0 |   0.0
        D:2 |     140 |      35 |  20.0 |      20 |       1 |   4.8
        D:3 |     124 |       0 |   0.0 |      18 |       0 |   0.0
        D:4 |     171 |       0 |   0.0 |       7 |       0 |   0.0
        D:5 |     401 |       0 |   0.0 |      16 |       0 |   0.0
        D:6 |    2489 |     647 |  20.6 |      30 |       2 |   6.2
        D:7 |     609 |      41 |   6.3 |      20 |       1 |   4.8
        D:8 |     648 |       0 |   0.0 |       8 |       0 |   0.0
            +---------+---------+-------+---------+---------+-------
